[ AOE2 MATCH · #495911157 ]
UnrankedHuns vs Franks
Player's team · LOSS
Rival team · WIN
[ REPLAY ANALYSIS · EXTRACTED FROM THE RECORDED GAME ]
Feudal
8:51
Castle
—
Imperial
—
| APM avg | 64.0 |
| APM peak | 108 |
| eAPM avg | 31.3 |
| Villagers / military | 63 / 60 |
Focus
⚔️ 63.1% · 🌾 36.9%
Spearman ×23 · Scout Cavalry ×21 · Archer ×16
Feudal
9:15
Castle
30:39
Imperial
—
| APM avg | 51.8 |
| APM peak | 82 |
| eAPM avg | 26.4 |
| Villagers / military | 70 / 85 |
Focus
⚔️ 41.3% · 🌾 58.7%
Scout Cavalry ×65 · Knight ×9 · Scorpion ×7 · Spearman ×3 · Mangonel ×1
Match map
Initial resources + every placement click. Lines = walls · curves = elevation contours. ◆ gold · ⬟ stone · ● berries · ✦ relic · ◌ wall gap
Your base· Open — 4t gap
[DGLOS] DyouDi's base· Open — 5t gap
Smoothed initial terrain · ◌ = detected wall gap · hover for details
Inputs per minute
— chubstorm - - [DGLOS] DyouDi
Build order — chubstorm
First 150 of 238 actions detected
| 0:01 | Create | Villager (Male) |
| 0:05 | Create | Villager (Male) |
| 0:05 | Create | Villager (Male) |
| 0:10 | Create | Villager (Male) |
| 0:10 | Create | Villager (Male) |
| 0:57 | Create | Villager (Male) |
| 0:58 | Create | Villager (Male) |
| 1:34 | Create | Villager (Male) |
| 1:34 | Create | Villager (Male) |
| 2:05 | Create | Villager (Male) |
| 2:05 | Create | Villager (Male) |
| 2:25 | Create | Villager (Male) |
| 2:52 | Build | Lumber Camp |
| 2:58 | Create | Villager (Male) |
| 3:06 | Create | Villager (Male) |
| 3:43 | Create | Villager (Male) |
| 3:58 | Create | Villager (Male) |
| 4:31 | Create | Villager (Male) |
| 5:09 | Build | Mill |
| 5:21 | Create | Villager (Male) |
| 5:32 | Create | Villager (Male) |
| 5:50 | Research | Loom |
| 6:35 | Research | Feudal Age |
| 7:32 | Build | Barracks |
| 8:20 | Create | Villager (Male) |
| 8:51 | Age | Feudal Age |
| 8:52 | Build | Stable |
| 8:59 | Build | Palisade Wall |
| 8:59 | Build | Palisade Wall |
| 9:00 | Build | Palisade Wall |
| 9:00 | Build | Palisade Wall |
| 9:06 | Build | Palisade Wall |
| 9:06 | Build | Palisade Wall |
| 9:08 | Research | Double-Bit Axe |
| 9:10 | Create | Villager (Male) |
| 9:11 | Create | Spearman |
| 9:34 | Create | Scout Cavalry |
| 9:37 | Build | Palisade Wall |
| 9:38 | Create | Villager (Male) |
| 10:03 | Create | Scout Cavalry |
| 10:04 | Create | Villager (Male) |
| 10:05 | Create | Spearman |
| 10:09 | Build | Farm |
| 10:19 | Build | Farm |
| 10:23 | Create | Villager (Male) |
| 10:38 | Build | Farm |
| 10:39 | Create | Villager (Male) |
| 10:50 | Create | Scout Cavalry |
| 11:21 | Create | Villager (Male) |
| 11:24 | Create | Spearman |
| 11:27 | Build | Archery Range |
| 11:39 | Create | Villager (Male) |
| 11:49 | Build | Farm |
| 11:53 | Create | Spearman |
| 12:09 | Build | Farm |
| 12:16 | Create | Villager (Male) |
| 12:20 | Create | Archer |
| 12:25 | Build | Palisade Gate |
| 12:35 | Create | Villager (Male) |
| 12:40 | Build | Farm |
| 12:52 | Build | Farm |
| 13:00 | Create | Villager (Male) |
| 13:02 | Create | Archer |
| 13:03 | Build | Palisade Wall |
| 13:10 | Create | Villager (Male) |
| 13:19 | Create | Archer |
| 14:05 | Create | Villager (Male) |
| 14:13 | Create | Villager (Male) |
| 14:16 | Create | Spearman |
| 14:24 | Create | Scout Cavalry |
| 14:26 | Build | Farm |
| 14:26 | Build | Farm |
| 14:26 | Build | Farm |
| 14:26 | Build | Farm |
| 14:28 | Create | Archer |
| 14:28 | Create | Archer |
| 14:31 | Create | Scout Cavalry |
| 14:38 | Create | Spearman |
| 14:50 | Build | Farm |
| 14:50 | Create | Villager (Male) |
| 15:17 | Create | Villager (Male) |
| 15:32 | Create | Villager (Male) |
| 15:37 | Build | Lumber Camp |
| 15:38 | Create | Villager (Male) |
| 16:10 | Create | Scout Cavalry |
| 16:16 | Create | Scout Cavalry |
| 16:22 | Build | Farm |
| 16:22 | Build | Farm |
| 16:22 | Build | Farm |
| 16:24 | Create | Archer |
| 16:24 | Create | Archer |
| 16:42 | Create | Villager (Male) |
| 16:47 | Build | Blacksmith |
| 16:58 | Create | Villager (Male) |
| 17:11 | Build | Mining Camp |
| 17:12 | Create | Archer |
| 17:30 | Create | Scout Cavalry |
| 17:40 | Create | Villager (Male) |
| 17:42 | Build | Farm |
| 17:44 | Build | Farm |
| 17:45 | Create | Scout Cavalry |
| 17:53 | Create | Spearman |
| 17:55 | Create | Scout Cavalry |
| 17:59 | Research | Forging |
| 18:12 | Build | Lumber Camp |
| 18:13 | Create | Villager (Male) |
| 18:21 | Create | Villager (Male) |
| 18:29 | Create | Archer |
| 18:29 | Create | Archer |
| 18:53 | Build | Watch Tower |
| 18:55 | Create | Spearman |
| 18:56 | Create | Scout Cavalry |
| 19:00 | Create | Spearman |
| 19:03 | Build | Palisade Wall |
| 19:04 | Build | Palisade Wall |
| 19:08 | Build | Palisade Wall |
| 19:11 | Build | Palisade Wall |
| 19:13 | Build | Palisade Wall |
| 19:14 | Build | Palisade Wall |
| 19:15 | Create | Villager (Male) |
| 19:16 | Build | Palisade Wall |
| 19:19 | Build | Palisade Wall |
| 19:20 | Build | Palisade Wall |
| 19:20 | Build | Palisade Wall |
| 19:20 | Build | Palisade Wall |
| 19:22 | Create | Villager (Male) |
| 19:23 | Build | Palisade Wall |
| 19:24 | Build | Palisade Wall |
| 19:27 | Build | Palisade Wall |
| 19:30 | Create | Villager (Male) |
| 19:40 | Build | Farm |
| 19:40 | Build | Farm |
| 19:46 | Create | Scout Cavalry |
| 19:48 | Create | Spearman |
| 19:48 | Create | Spearman |
| 20:04 | Build | Farm |
| 20:05 | Build | Farm |
| 20:42 | Create | Villager (Male) |
| 20:51 | Build | Farm |
| 21:07 | Build | Watch Tower |
| 21:22 | Create | Villager (Male) |
| 21:24 | Build | Palisade Wall |
| 21:24 | Build | Palisade Wall |
| 21:24 | Build | Palisade Wall |
| 21:25 | Build | Palisade Wall |
| 21:25 | Build | Palisade Wall |
| 21:26 | Create | Scout Cavalry |
| 21:44 | Create | Scout Cavalry |
| 21:45 | Create | Archer |
| 21:45 | Create | Archer |
Build order — [DGLOS] DyouDi
First 150 of 262 actions detected
| 0:00 | Create | Villager (Male) |
| 0:00 | Create | Villager (Male) |
| 0:01 | Create | Villager (Male) |
| 0:02 | Build | House |
| 0:03 | Build | House |
| 0:05 | Create | Villager (Male) |
| 0:05 | Create | Villager (Male) |
| 1:25 | Create | Villager (Male) |
| 1:25 | Create | Villager (Male) |
| 2:01 | Create | Villager (Male) |
| 2:01 | Create | Villager (Male) |
| 2:26 | Create | Villager (Male) |
| 2:26 | Create | Villager (Male) |
| 2:26 | Create | Villager (Male) |
| 2:36 | Build | Lumber Camp |
| 3:20 | Create | Villager (Male) |
| 3:20 | Create | Villager (Male) |
| 3:21 | Create | Villager (Male) |
| 3:51 | Build | House |
| 3:51 | Build | House |
| 4:01 | Create | Villager (Male) |
| 4:01 | Create | Villager (Male) |
| 4:31 | Create | Villager (Male) |
| 5:07 | Build | Mill |
| 5:10 | Build | Mill |
| 5:17 | Create | Villager (Male) |
| 5:47 | Create | Villager (Male) |
| 5:48 | Create | Villager (Male) |
| 5:49 | Create | Villager (Male) |
| 6:12 | Create | Villager (Male) |
| 6:29 | Research | Loom |
| 7:03 | Research | Feudal Age |
| 8:23 | Build | Barracks |
| 8:44 | Create | Villager (Male) |
| 8:47 | Build | House |
| 9:15 | Age | Feudal Age |
| 9:22 | Create | Villager (Male) |
| 9:25 | Build | Stable |
| 9:26 | Research | Double-Bit Axe |
| 9:26 | Research | Double-Bit Axe |
| 9:31 | Create | Spearman |
| 9:47 | Build | House |
| 10:03 | Create | Villager (Male) |
| 10:10 | Build | House |
| 10:11 | Create | Scout Cavalry |
| 10:11 | Create | Scout Cavalry |
| 10:15 | Create | Spearman |
| 10:24 | Create | Scout Cavalry |
| 10:35 | Create | Villager (Male) |
| 10:49 | Build | House |
| 11:18 | Create | Scout Cavalry |
| 11:18 | Create | Scout Cavalry |
| 11:19 | Create | Villager (Male) |
| 11:20 | Create | Villager (Male) |
| 11:20 | Create | Villager (Male) |
| 11:22 | Build | Farm |
| 11:23 | Build | Farm |
| 11:24 | Build | Farm |
| 11:25 | Build | Farm |
| 11:36 | Build | House |
| 11:38 | Create | Scout Cavalry |
| 11:41 | Build | Farm |
| 11:46 | Build | Farm |
| 12:04 | Build | House |
| 12:09 | Build | Farm |
| 12:09 | Create | Villager (Male) |
| 12:16 | Create | Villager (Male) |
| 12:35 | Build | Farm |
| 12:49 | Build | Palisade Wall |
| 12:59 | Create | Scout Cavalry |
| 13:04 | Create | Villager (Male) |
| 13:08 | Build | Farm |
| 13:11 | Build | Farm |
| 13:11 | Create | Scout Cavalry |
| 13:44 | Create | Spearman |
| 13:54 | Create | Scout Cavalry |
| 13:57 | Create | Scout Cavalry |
| 14:21 | Create | Scout Cavalry |
| 14:27 | Create | Scout Cavalry |
| 14:27 | Create | Scout Cavalry |
| 14:35 | Build | Palisade Gate |
| 14:43 | Create | Villager (Male) |
| 14:45 | Build | Farm |
| 14:47 | Build | Farm |
| 14:50 | Build | Farm |
| 14:53 | Create | Scout Cavalry |
| 14:59 | Create | Villager (Male) |
| 15:05 | Build | Blacksmith |
| 15:07 | Build | House |
| 15:12 | Build | Farm |
| 15:43 | Build | House |
| 16:11 | Research | Scale Barding Armor |
| 16:11 | Research | Scale Barding Armor |
| 16:12 | Research | Forging |
| 16:13 | Research | Forging |
| 16:22 | Build | Farm |
| 16:31 | Build | Watch Tower |
| 16:33 | Create | Scout Cavalry |
| 16:34 | Create | Scout Cavalry |
| 16:34 | Create | Scout Cavalry |
| 16:53 | Create | Villager (Male) |
| 16:54 | Create | Villager (Male) |
| 16:54 | Create | Villager (Male) |
| 16:56 | Build | Farm |
| 17:06 | Build | Farm |
| 17:07 | Build | Farm |
| 17:08 | Create | Scout Cavalry |
| 17:08 | Create | Scout Cavalry |
| 17:22 | Build | House |
| 17:23 | Create | Scout Cavalry |
| 17:29 | Create | Villager (Male) |
| 17:29 | Create | Villager (Male) |
| 17:32 | Build | Stable |
| 17:37 | Create | Villager (Male) |
| 17:53 | Build | Farm |
| 17:59 | Create | Scout Cavalry |
| 18:07 | Build | Farm |
| 18:11 | Create | Villager (Male) |
| 18:19 | Build | Palisade Gate |
| 18:22 | Build | Palisade Wall |
| 18:25 | Create | Scout Cavalry |
| 18:25 | Create | Scout Cavalry |
| 18:35 | Create | Villager (Male) |
| 18:47 | Build | Lumber Camp |
| 18:49 | Create | Villager (Male) |
| 19:08 | Create | Villager (Male) |
| 19:18 | Create | Scout Cavalry |
| 19:21 | Create | Villager (Male) |
| 19:23 | Build | Mining Camp |
| 19:54 | Create | Scout Cavalry |
| 19:57 | Create | Scout Cavalry |
| 20:04 | Create | Scout Cavalry |
| 20:20 | Build | Lumber Camp |
| 20:21 | Create | Scout Cavalry |
| 20:27 | Create | Villager (Male) |
| 20:35 | Build | House |
| 20:40 | Build | Palisade Wall |
| 20:44 | Build | Palisade Wall |
| 20:45 | Build | Palisade Wall |
| 20:50 | Create | Villager (Male) |
| 20:52 | Build | Market |
| 20:54 | Create | Scout Cavalry |
| 20:58 | Create | Scout Cavalry |
| 21:11 | Create | Scout Cavalry |
| 21:12 | Create | Scout Cavalry |
| 21:23 | Create | Villager (Male) |
| 21:34 | Create | Villager (Male) |
| 21:42 | Build | House |
| 21:45 | Create | Scout Cavalry |
| 21:52 | Create | Scout Cavalry |
Match timeline
| 7:32 | chubstorm · first_building Barracks |
| 8:23 | [DGLOS] DyouDi · first_building Barracks |
| 8:51 | chubstorm · age_up feudal |
| 8:52 | chubstorm · first_building Stable |
| 8:59 | chubstorm · wall_segment Palisade Wall x1 |
| 8:59 | chubstorm · wall_segment Palisade Wall x1 |
| 9:00 | chubstorm · wall_segment Palisade Wall x1 |
| 9:00 | chubstorm · wall_segment Palisade Wall x1 |
| 9:06 | chubstorm · wall_segment Palisade Wall x1 |
| 9:06 | chubstorm · wall_segment Palisade Wall x1 |
| 9:15 | [DGLOS] DyouDi · age_up feudal |
| 9:25 | [DGLOS] DyouDi · first_building Stable |
| 9:37 | chubstorm · wall_segment Palisade Wall x8 |
| 11:27 | chubstorm · first_building Archery Range |
| 12:49 | [DGLOS] DyouDi · wall_segment Palisade Wall x12 |
| 13:03 | chubstorm · wall_segment Palisade Wall x5 |
| 18:22 | [DGLOS] DyouDi · wall_segment Palisade Wall x7 |
| 19:03 | chubstorm · wall_segment Palisade Wall x1 |
| 19:04 | chubstorm · wall_segment Palisade Wall x1 |
| 19:08 | chubstorm · wall_segment Palisade Wall x1 |
| 19:11 | chubstorm · wall_segment Palisade Wall x1 |
| 19:13 | chubstorm · wall_segment Palisade Wall x1 |
| 19:14 | chubstorm · wall_segment Palisade Wall x1 |
| 19:16 | chubstorm · wall_segment Palisade Wall x1 |
| 19:19 | chubstorm · wall_segment Palisade Wall x1 |
| 19:20 | chubstorm · wall_segment Palisade Wall x1 |
| 19:20 | chubstorm · wall_segment Palisade Wall x1 |
| 19:20 | chubstorm · wall_segment Palisade Wall x1 |
| 19:23 | chubstorm · wall_segment Palisade Wall x1 |
| 19:24 | chubstorm · wall_segment Palisade Wall x1 |
| 19:27 | chubstorm · wall_segment Palisade Wall x1 |
| 20:40 | [DGLOS] DyouDi · wall_segment Palisade Wall x1 |
| 20:44 | [DGLOS] DyouDi · wall_segment Palisade Wall x5 |
| 20:45 | [DGLOS] DyouDi · wall_segment Palisade Wall x5 |
| 21:24 | chubstorm · wall_segment Palisade Wall x1 |
| 21:24 | chubstorm · wall_segment Palisade Wall x1 |
| 21:24 | chubstorm · wall_segment Palisade Wall x1 |
| 21:25 | chubstorm · wall_segment Palisade Wall x2 |
| 21:25 | chubstorm · wall_segment Palisade Wall x1 |
| 21:45 | [DGLOS] DyouDi · first_market_buy 100 food |
| 22:10 | chubstorm · wall_segment Palisade Wall x1 |
| 22:45 | chubstorm · wall_segment Palisade Wall x1 |
| 23:17 | chubstorm · wall_segment Palisade Wall x7 |
| 23:51 | chubstorm · wall_segment Palisade Wall x1 |
| 24:09 | [DGLOS] DyouDi · wall_segment Palisade Wall x7 |
| 25:27 | chubstorm · wall_segment Palisade Wall x1 |
| 26:36 | chubstorm · wall_segment Palisade Wall x1 |
| 26:38 | chubstorm · wall_segment Palisade Wall x1 |
| 26:40 | chubstorm · wall_segment Palisade Wall x1 |
| 26:46 | chubstorm · wall_segment Palisade Wall x8 |
| 26:48 | chubstorm · wall_segment Palisade Wall x1 |
| 26:49 | chubstorm · wall_segment Palisade Wall x1 |
| 28:23 | chubstorm · wall_segment Palisade Wall x1 |
| 28:34 | chubstorm · first_market_buy 100 food |
| 29:07 | chubstorm · wall_segment Palisade Wall x5 |
| 29:12 | chubstorm · first_market_sell 100 stone |
| 29:18 | chubstorm · wall_segment Palisade Wall x1 |
| 29:21 | chubstorm · wall_segment Palisade Wall x1 |
| 30:27 | chubstorm · wall_segment Palisade Wall x4 |
| 30:36 | chubstorm · wall_segment Palisade Wall x1 |
| 30:39 | [DGLOS] DyouDi · age_up castle |
| 30:39 | chubstorm · wall_segment Palisade Wall x1 |
| 30:41 | chubstorm · wall_segment Palisade Wall x1 |
| 30:42 | chubstorm · wall_segment Palisade Wall x1 |
| 30:45 | [DGLOS] DyouDi · first_building Siege Workshop |
| 30:58 | chubstorm · wall_segment Palisade Wall x5 |
| 30:59 | [DGLOS] DyouDi · first_building Monastery |
| 30:59 | chubstorm · wall_segment Palisade Wall x6 |
| 31:49 | chubstorm · wall_segment Palisade Wall x1 |
| 32:44 | chubstorm · resign |
[ AI ANALYSIS · 1 CREDIT ]
What really happened in this match?
Wolo.gg analyzes every decision: build order, eco, micro, common mistakes by bracket. Personalized analysis on WhatsApp or Discord in 30 seconds.
Civ guide
Huns
Perfil
Jugador #254815